Workbook

Sheet Inputs
A1: PV-10 with plugging & abandonment adjustment — template
A2: Illustrative inputs only (blue). Replace with asset-specific data before use. Not investment advice.
A4: Initial oil rate (bbl/day, total package) | B4: 250
A5: Annual decline rate | B5: 0.12
A6: Oil price ($/bbl) | B6: 70
A7: Price differential ($/bbl) | B7: -5
A8: Royalty burden | B8: 0.125
A9: Production & ad valorem taxes (% rev) | B9: 0.05
A10: Lifting cost ($/bbl) | B10: 28
A11: Fixed opex per year ($) | B11: 400000
A12: Discount rate | B12: 0.1
A13: Number of wells in package | B13: 120
A14: Plugging & restoration cost per well ($) | B14: 150000
A15: Plugging cost inflation per year | B15: 0.03
... A18: Cost of carrying assurance (% per year) | B18: 0.02

Sheet Cash Flow
A1: Year | B1: Oil (bbl) | C1: Net price ($/bbl) | D1: Revenue ($) | E1: Royalty ($) | F1: Taxes ($) | G1: Opex ($) | H1: Net CF ($) | I1: Discount factor | J1: PV of CF ($) | K1: P&A cost ($) | L1: PV of P&A ($) | M1: Assurance carry ($) | N1: PV of carry ($)
A2: 1 | B2: =Inputs!$B$4*365*(1-Inputs!$B$5)^(1-1) | C2: =Inputs!$B$6+Inputs!$B$7 | D2: =B2*C2 | E2: =-D2*Inputs!$B$8 | F2: =-D2*Inputs!$B$9 | G2: =-(B2*Inputs!$B$10+Inputs!$B$11) | H2: =D2+E2+F2+G2 | I2: =1/(1+Inputs!$B$12)^(1-0.5) | J2: =H2*I2 | K2: =IF(1=Inputs!$B$16,-Inputs!$B$13*Inputs!$B$14*(1+Inputs!$B$15)^1,0) | L2: =K2*I2 | M2: =IF(1<=Inputs!$B$16,-Inputs!$B$17*Inputs!$B$18,0) | N2: =M2*I2
A3: 2 | B3: =Inputs!$B$4*365*(1-Inputs!$B$5)^(2-1) | C3: =Inputs!$B$6+Inputs!$B$7 | D3: =B3*C3 | E3: =-D3*Inputs!$B$8 | F3: =-D3*Inputs!$B$9 | G3: =-(B3*Inputs!$B$10+Inputs!$B$11) | H3: =D3+E3+F3+G3 | I3: =1/(1+Inputs!$B$12)^(2-0.5) | J3: =H3*I3 | K3: =IF(2=Inputs!$B$16,-Inputs!$B$13*Inputs!$B$14*(1+Inputs!$B$15)^2,0) | L3: =K3*I3 | M3: =IF(2<=Inputs!$B$16,-Inputs!$B$17*Inputs!$B$18,0) | N3: =M3*I3
A4: 3 | B4: =Inputs!$B$4*365*(1-Inputs!$B$5)^(3-1) | C4: =Inputs!$B$6+Inputs!$B$7 | D4: =B4*C4 | E4: =-D4*Inputs!$B$8 | F4: =-D4*Inputs!$B$9 | G4: =-(B4*Inputs!$B$10+Inputs!$B$11) | H4: =D4+E4+F4+G4 | I4: =1/(1+Inputs!$B$12)^(3-0.5) | J4: =H4*I4 | K4: =IF(3=Inputs!$B$16,-Inputs!$B$13*Inputs!$B$14*(1+Inputs!$B$15)^3,0) | L4: =K4*I4 | M4: =IF(3<=Inputs!$B$16,-Inputs!$B$17*Inputs!$B$18,0) | N4: =M4*I4
A5: 4 | B5: =Inputs!$B$4*365*(1-Inputs!$B$5)^(4-1) | C5: =Inputs!$B$6+Inputs!$B$7 | D5: =B5*C5 | E5: =-D5*Inputs!$B$8 | F5: =-D5*Inputs!$B$9 | G5: =-(B5*Inputs!$B$10+Inputs!$B$11) | H5: =D5+E5+F5+G5 | I5: =1/(1+Inputs!$B$12)^(4-0.5) | J5: =H5*I5 | K5: =IF(4=Inputs!$B$16,-Inputs!$B$13*Inputs!$B$14*(1+Inputs!$B$15)^4,0) | L5: =K5*I5 | M5: =IF(4<=Inputs!$B$16,-Inputs!$B$17*Inputs!$B$18,0) | N5: =M5*I5
A6: 5 | B6: =Inputs!$B$4*365*(1-Inputs!$B$5)^(5-1) | C6: =Inputs!$B$6+Inputs!$B$7 | D6: =B6*C6 | E6: =-D6*Inputs!$B$8 | F6: =-D6*Inputs!$B$9 | G6: =-(B6*Inputs!$B$10+Inputs!$B$11) | H6: =D6+E6+F6+G6 | I6: =1/(1+Inputs!$B$12)^(5-0.5) | J6: =H6*I6 | K6: =IF(5=Inputs!$B$16,-Inputs!$B$13*Inputs!$B$14*(1+Inputs!$B$15)^5,0) | L6: =K6*I6 | M6: =IF(5<=Inputs!$B$16,-Inputs!$B$17*Inputs!$B$18,0) | N6: =M6*I6
A7: 6 | B7: =Inputs!$B$4*365*(1-Inputs!$B$5)^(6-1) | C7: =Inputs!$B$6+Inputs!$B$7 | D7: =B7*C7 | E7: =-D7*Inputs!$B$8 | F7: =-D7*Inputs!$B$9 | G7: =-(B7*Inputs!$B$10+Inputs!$B$11) | H7: =D7+E7+F7+G7 | I7: =1/(1+Inputs!$B$12)^(6-0.5) | J7: =H7*I7 | K7: =IF(6=Inputs!$B$16,-Inputs!$B$13*Inputs!$B$14*(1+Inputs!$B$15)^6,0) | L7: =K7*I7 | M7: =IF(6<=Inputs!$B$16,-Inputs!$B$17*Inputs!$B$18,0) | N7: =M7*I7
A8: 7 | B8: =Inputs!$B$4*365*(1-Inputs!$B$5)^(7-1) | C8: =Inputs!$B$6+Inputs!$B$7 | D8: =B8*C8 | E8: =-D8*Inputs!$B$8 | F8: =-D8*Inputs!$B$9 | G8: =-(B8*Inputs!$B$10+Inputs!$B$11) | H8: =D8+E8+F8+G8 | I8: =1/(1+Inputs!$B$12)^(7-0.5) | J8: =H8*I8 | K8: =IF(7=Inputs!$B$16,-Inputs!$B$13*Inputs!$B$14*(1+Inputs!$B$15)^7,0) | L8: =K8*I8 | M8: =IF(7<=Inputs!$B$16,-Inputs!$B$17*Inputs!$B$18,0) | N8: =M8*I8
A9: 8 | B9: =Inputs!$B$4*365*(1-Inputs!$B$5)^(8-1) | C9: =Inputs!$B$6+Inputs!$B$7 | D9: =B9*C9 | E9: =-D9*Inputs!$B$8 | F9: =-D9*Inputs!$B$9 | G9: =-(B9*Inputs!$B$10+Inputs!$B$11) | H9: =D9+E9+F9+G9 | I9: =1/(1+Inputs!$B$12)^(8-0.5) | J9: =H9*I9 | K9: =IF(8=Inputs!$B$16,-Inputs!$B$13*Inputs!$B$14*(1+Inputs!$B$15)^8,0) | L9: =K9*I9 | M9: =IF(8<=Inputs!$B$16,-Inputs!$B$17*Inputs!$B$18,0) | N9: =M9*I9
A10: 9 | B10: =Inputs!$B$4*365*(1-Inputs!$B$5)^(9-1) | C10: =Inputs!$B$6+Inputs!$B$7 | D10: =B10*C10 | E10: =-D10*Inputs!$B$8 | F10: =-D10*Inputs!$B$9 | G10: =-(B10*Inputs!$B$10+Inputs!$B$11) | H10: =D10+E10+F10+G10 | I10: =1/(1+Inputs!$B$12)^(9-0.5) | J10: =H10*I10 | K10: =IF(9=Inputs!$B$16,-Inputs!$B$13*Inputs!$B$14*(1+Inputs!$B$15)^9,0) | L10: =K10*I10 | M10: =IF(9<=Inputs!$B$16,-Inputs!$B$17*Inputs!$B$18,0) | N10: =M10*I10
A11: 10 | B11: =Inputs!$B$4*365*(1-Inputs!$B$5)^(10-1) | C11: =Inputs!$B$6+Inputs!$B$7 | D11: =B11*C11 | E11: =-D11*Inputs!$B$8 | F11: =-D11*Inputs!$B$9 | G11: =-(B11*Inputs!$B$10+Inputs!$B$11) | H11: =D11+E11+F11+G11 | I11: =1/(1+Inputs!$B$12)^(10-0.5) | J11: =H11*I11 | K11: =IF(10=Inputs!$B$16,-Inputs!$B$13*Inputs!$B$14*(1+Inputs!$B$15)^10,0) | L11: =K11*I11 | M11: =IF(10<=Inputs!$B$16,-Inputs!$B$17*Inputs!$B$18,0) | N11: =M11*I11
A12: 11 | B12: =Inputs!$B$4*365*(1-Inputs!$B$5)^(11-1) | C12: =Inputs!$B$6+Inputs!$B$7 | D12: =B12*C12 | E12: =-D12*Inputs!$B$8 | F12: =-D12*Inputs!$B$9 | G12: =-(B12*Inputs!$B$10+Inputs!$B$11) | H12: =D12+E12+F12+G12 | I12: =1/(1+Inputs!$B$12)^(11-0.5) | J12: =H12*I12 | K12: =IF(11=Inputs!$B$16,-Inputs!$B$13*Inputs!$B$14*(1+Inputs!$B$15)^11,0) | L12: =K12*I12 | M12: =IF(11<=Inputs!$B$16,-Inputs!$B$17*Inputs!$B$18,0) | N12: =M12*I12
A13: 12 | B13: =Inputs!$B$4*365*(1-Inputs!$B$5)^(12-1) | C13: =Inputs!$B$6+Inputs!$B$7 | D13: =B13*C13 | E13: =-D13*Inputs!$B$8 | F13: =-D13*Inputs!$B$9 | G13: =-(B13*Inputs!$B$10+Inputs!$B$11) | H13: =D13+E13+F13+G13 | I13: =1/(1+Inputs!$B$12)^(12-0.5) | J13: =H13*I13 | K13: =IF(12=Inputs!$B$16,-Inputs!$B$13*Inputs!$B$14*(1+Inputs!$B$15)^12,0) | L13: =K13*I13 | M13: =IF(12<=Inputs!$B$16,-Inputs!$B$17*Inputs!$B$18,0) | N13: =M13*I13
A14: 13 | B14: =Inputs!$B$4*365*(1-Inputs!$B$5)^(13-1) | C14: =Inputs!$B$6+Inputs!$B$7 | D14: =B14*C14 | E14: =-D14*Inputs!$B$8 | F14: =-D14*Inputs!$B$9 | G14: =-(B14*Inputs!$B$10+Inputs!$B$11) | H14: =D14+E14+F14+G14 | I14: =1/(1+Inputs!$B$12)^(13-0.5) | J14: =H14*I14 | K14: =IF(13=Inputs!$B$16,-Inputs!$B$13*Inputs!$B$14*(1+Inputs!$B$15)^13,0) | L14: =K14*I14 | M14: =IF(13<=Inputs!$B$16,-Inputs!$B$17*Inputs!$B$18,0) | N14: =M14*I14
A15: 14 | B15: =Inputs!$B$4*365*(1-Inputs!$B$5)^(14-1) | C15: =Inputs!$B$6+Inputs!$B$7 | D15: =B15*C15 | E15: =-D15*Inputs!$B$8 | F15: =-D15*Inputs!$B$9 | G15: =-(B15*Inputs!$B$10+Inputs!$B$11) | H15: =D15+E15+F15+G15 | I15: =1/(1+Inputs!$B$12)^(14-0.5) | J15: =H15*I15 | K15: =IF(14=Inputs!$B$16,-Inputs!$B$13*Inputs!$B$14*(1+Inputs!$B$15)^14,0) | L15: =K15*I15 | M15: =IF(14<=Inputs!$B$16,-Inputs!$B$17*Inputs!$B$18,0) | N15: =M15*I15
A16: 15 | B16: =Inputs!$B$4*365*(1-Inputs!$B$5)^(15-1) | C16: =Inputs!$B$6+Inputs!$B$7 | D16: =B16*C16 | E16: =-D16*Inputs!$B$8 | F16: =-D16*Inputs!$B$9 | G16: =-(B16*Inputs!$B$10+Inputs!$B$11) | H16: =D16+E16+F16+G16 | I16: =1/(1+Inputs!$B$12)^(15-0.5) | J16: =H16*I16 | K16: =IF(15=Inputs!$B$16,-Inputs!$B$13*Inputs!$B$14*(1+Inputs!$B$15)^15,0) | L16: =K16*I16 | M16: =IF(15<=Inputs!$B$16,-Inputs!$B$17*Inputs!$B$18,0) | N16: =M16*I16

Sheet Valuation
A1: Value before and after liquidation obligations
A3: PV-10, unadjusted ($) | B3: =SUM('Cash Flow'!J2:J16)
A4: PV of plugging & restoration ($) | B4: =SUM('Cash Flow'!L2:L16)
A5: PV of AB 1167 assurance carry ($) | B5: =SUM('Cash Flow'!N2:N16)
A6: Adjusted value ($) | B6: =B3+B4+B5
A7: Haircut vs. unadjusted | B7: =IF(B3=0,0,B6/B3-1)
A8: Undiscounted P&A liability ($) | B8: =-SUM('Cash Flow'!K2:K16)
A9: P&A liability per well, inflated ($) | B9: =IF(Inputs!B13=0,0,B8/Inputs!B13)
